 Dungeon Crawl Stone Soup version 0.23-a0-57-gd13e5294dc (webtiles) character file.

536 Oravi the Gusty (level 7, 0/40 HPs)
             Began as a Tengu Air Elementalist on Aug 9, 2018.
             Slain by an ice beast (6 damage)
             ... on level 3 of the Dungeon.
             The game lasted 00:18:15 (3424 turns).

Oravi the Gusty (Tengu Air Elementalist)            Turns: 3424, Time: 00:18:15

Health: 0/40       AC:  5    Str:  9    XL:     7   Next: 25%
Magic:  6/13       EV: 11    Int: 17    God:
Gold:   183        SH:  0    Dex: 14    Spells: 7/13 levels left

rFire    . . .     SeeInvis .   t - +1 dagger (venom)
rCold    . . .     Gourm    .   (no shield)
rNeg     . . .     Faith    .   s - +0 ring mail
rPois    .         Spirit   .   (helmet restricted)
rElec    .         Reflect  .   (no cloak)
rCorr    .         Harm     .   (no gloves)
MR       +....     Rnd*Tele +   (boots unavailable)
Stlth    +.........             (no amulet)
HPRegen  0.13/turn              d - ring of protection from magic
MPRegen  0.13/turn              j - ring of teleportation

@: no status effects
A: beak, talons 3, able to fly 1
a: Fly


You were on level 3 of the Dungeon.
You were not hungry.

You visited 1 branch of the dungeon, and saw 5 of its levels.

You collected 183 gold pieces.

Inventory:

Hand Weapons
 e - a +0 war axe
 k - a +0 hand axe
 l - a +0 whip
 t - a +1 dagger of venom (weapon)
Missiles
 b - 61 stones (quivered)
 i - 3 tomahawks
 p - a throwing net
Armour
 a - a +0 robe
 s - a +0 ring mail (worn)
Jewellery
 d - a ring of protection from magic (left hand)
 j - a ring of teleportation (right hand)
Scrolls
 h - a scroll of identify
Potions
 f - 2 potions of curing
 g - 2 potions of ambrosia
 m - a potion of flight
 n - 2 potions of mutation
 q - a potion of brilliance
Comestibles
 c - 9 rations


   Skills:
 + Level 2.1 Fighting
 + Level 2.2 Armour
 + Level 3.3 Dodging
 - Level 2.0 Stealth
 + Level 3.7 Spellcasting
 + Level 4.8 Conjurations
 - Level 6.0 Air Magic


You had 7 spell levels left.
You knew the following spells:

 Your Spells              Type           Power        Failure   Level  Hunger
a - Shock                 Conj/Air       ###.         4%          1    None
b - Swiftness             Chrm/Air       ##......     19%         2    ##.....
c - Static Discharge      Conj/Air       ###.....     14%         3    ###....

Your spell library contained the following spells:

 Spells                   Type           Power        Failure   Level  Hunger
 Lightning Bolt           Conj/Air       ###.......   78%         5    ######.
 Airstrike                Air            ###.......   36%         4    ####...


Dungeon Overview and Level Annotations

Branches:
Dungeon (5/15)
 Temple: D:4-7

Altars:
Dithmenos


Innate Abilities, Weirdness & Mutations

You have a beak for a mouth.
You have claws for feet.
You can fly.


Message History

Casting: Shock (safe; 4% risk of failure)
Confirm with . or Enter, or press ? or * to list all spells.
Aiming: Shock (safe; 4% risk of failure)
Press: ? - help, Shift-Dir - straight line, f/p - ice beast
Aim: an ice beast (almost dead)
The zap hits the ice beast.
The ice beast appears unharmed.
The ice beast is almost dead.
The ice beast hits you. The ice beast freezes you!
* * * LOW HITPOINT WARNING * * *
Casting: Shock (safe; 4% risk of failure)
Confirm with . or Enter, or press ? or * to list all spells.
Aiming: Shock (safe; 4% risk of failure)
Press: ? - help, Shift-Dir - straight line, f/p - ice beast
Aim: an ice beast (almost dead)
The zap hits the ice beast.
The ice beast is almost dead.
The ice beast hits you.
* * * LOW HITPOINT WARNING * * *
The ice beast freezes you.
You die...

#.#..###...#......#.##.....
#..#.......#.####.#....##.#
*#.#.........####.#....##..
###.....)............##....#
#....<.)......####..######..
#...[.........# ##..# ###
#.............# ##.#####
#..........Y>.# #.#...###
##.###......@.## #.#......
#####..##..........#
#......##
......##.........[.#
###.[.##
......#............# #...#
........#..........# #...#
.....####..........# #...#
.....# ##........## #####
.....# ##......## ######
########


You could see an ice beast.

Vanquished Creatures
  An ogre (D:4)
  A phantom (D:4)
  2 scorpions (D:4)
  A howler monkey (D:4)
  A bullfrog skeleton (D:3)
  A worker ant (D:3)
  A worker ant zombie (D:5)
  7 adders
  2 oozes
  An adder zombie (D:4)
  3 worms
  2 leopard geckos (D:3)
  4 orcs
  2 ball pythons
  11 bats
  6 giant cockroaches
  6 goblins
  5 hobgoblins
  2 jackals (D:5)
  A quokka (D:5)
  A frilled lizard (D:3)
  9 kobolds
  5 rats
75 creatures vanquished.

Notes
Turn   | Place    | Note
-------+----------+-------------------------------------------
     0 | D:1      | Oravi the Tengu Air Elementalist began the quest for the Orb.
     0 | D:1      | Reached XP level 1. HP: 10/10 MP: 4/4
   322 | D:1      | Reached XP level 2. HP: 15/15 MP: 4/6
   345 | D:1      | Learned a level 2 spell: Swiftness
   854 | D:2      | Reached XP level 3. HP: 19/19 MP: 1/7
  1092 | D:2      | Found a shadowy altar of Dithmenos.
  1440 | D:2      | Learned a level 3 spell: Static Discharge
  1462 | D:3      | Reached skill level 5 in Air Magic
  1462 | D:3      | Reached XP level 4. HP: 7/24 MP: 1/9
  1823 | D:3      | Noticed an ice beast
  1977 | D:3      | You fall through a shaft for 2 floors!
  1977 | D:5      | Entered Level 5 of the Dungeon
  2092 | D:5      | Gained mutation: You can fly. [Tengu growth]
  2092 | D:5      | Reached XP level 5. HP: 23/28 MP: 7/10
  2411 | D:4      | Noticed an ogre
  2425 | D:4      | Noticed a phantom
  2447 | D:4      | Killed a phantom
  2447 | D:4      | Reached skill level 1 in Fighting
  2447 | D:4      | Reached skill level 1 in Armour
  2447 | D:4      | Reached XP level 6. HP: 31/34 MP: 10/12
  2783 | D:4      | Reached skill level 6 in Air Magic
  2923 | D:4      | Reached XP level 7. HP: 39/39 MP: 5/13
  3424 | D:3      | Slain by an ice beast

Vault maps used:
D:1:      denvon_arrival_waterhouse
D:2:      first_ration, grunt_dithmenos_smoke_and_mirrors
D:3:      uniq_crazy_yiuf_cottage
D:4:      grunt_gozag_breadcrumbs, serial_shops, shop
D:5:      lemuel_doored_altar

Skill      XL: |  1  2  3  4  5  6  7 |
---------------+----------------------+-----
Conjurations   | 2 3 4 |  4.8
Air Magic      | 5 6 |  6.0
Spellcasting   | 3 |  3.7
Fighting       | 1 2 |  2.1
Armour         | 1 2 |  2.2
Dodging        | 3 |  3.3
Stealth        | |  2.0

Action                   |  1- 3 |  4- 6 |  7- 9 || total
-------------------------+-------+-------+-------++-------
Melee: Peck              |     1 |     3 |     3 ||     7
       Unarmed           |     1 |       |       ||     1
       Dagger            |    26 |    16 |     8 ||    50
       Kick              |     3 |     2 |     2 ||     7
Throw: Stone             |    10 |    14 |     7 ||    31
       Throwing net      |       |     1 |       ||     1
 Cast: Shock             |    62 |    83 |    31 ||   176
       Static Discharge  |     1 |       |       ||     1
  Use: Potion            |     1 |     1 |       ||     2
       Scroll            |       |     8 |     1 ||     9
  Eat: Chunk             |     2 |     1 |     2 ||     5
       Ration            |       |     1 |       ||     1
Armor: Robe              |    15 |     7 |       ||    22
       Skin              |    15 |       |       ||    15
       Ring mail         |       |     3 |     4 ||     7
Dodge: Dodged            |    30 |    20 |    10 ||    60

Table legend:
 A = Spawn XP
 B = Non-spawn XP
 C = Spawn XP percentage of total XP
 D = Spawn monster count
 E = Non-spawn monster count
 F = Spawn count percentage of total count
 G = Total turns spent on level
                    A         B        C        D         E        F      G
               +---------+---------+-------+---------+---------+-------+---------
         Total |       0 |     766 |   0.0 |       0 |      75 |   0.0 |  3424
               +---------+---------+-------+---------+---------+-------+---------
           D:1 |       0 |      26 |   0.0 |       0 |      17 |   0.0 |   755
           D:2 |       0 |      36 |   0.0 |       0 |      13 |   0.0 |   739
           D:3 |       0 |     165 |   0.0 |       0 |      26 |   0.0 |   792
           D:4 |       0 |     496 |   0.0 |       0 |      13 |   0.0 |   939
           D:5 |       0 |      43 |   0.0 |       0 |       6 |   0.0 |   199
               +---------+---------+-------+---------+---------+-------+---------
